 Dungeon Crawl Stone Soup version 0.20.0-10-g0535bb4 (webtiles) character file.

82 grindst0ne the Skirmisher (level 4, 0/39 HPs)
             Began as a Formicid Fighter on June 6, 2017.
             Slain by a gnoll (3 damage)
             ... on level 2 of the Dungeon.
             The game lasted 00:02:24 (1407 turns).

grindst0ne the Skirmisher (Formicid Fighter)        Turns: 1407, Time: 00:02:25

Health: 0/39       AC:  9    Str: 25    XL:     4   Next: 70%
Magic:  3/3        EV:  8    Int:  8    God:
Gold:   34         SH: 10    Dex: 11    Spells: 3/3 levels left

rFire    . . .     SeeInvis +   a - +0 war axe
rCold    . . .     Gourm    .   c - +0 shield
rNeg     . . .     Faith    .   b - +0 scale mail
rPois    .         Spirit   .   (helmet unavailable)
rElec    .         Reflect  .   (no cloak)
rCorr    +         Harm     .   n - +1 pair of gloves
MR       .....                  (no boots)
Stlth    ..........             (no amulet)
Regen    1.0/turn               k - ring of teleportation (curse)
MPRegen  0.1/turn               o - ring of resist corrosion

@: mighty
A: permanent stasis, dig shafts and tunnels, four strong arms, antennae 3, low
mp 1, regeneration 2
a: Dig, Shaft Self


You were on level 2 of the Dungeon.
You were not hungry.

You visited 1 branch of the dungeon, and saw 2 of its levels.

You collected 34 gold pieces.

Inventory:

Hand Weapons
 a - a +0 war axe (weapon)
Armour
 b - a +0 scale mail (worn)
 c - a +0 shield (worn)
 n - a +1 pair of gloves (worn)
Jewellery
 k - a cursed ring of teleportation (left hand)
 o - a ring of resist corrosion (right hand)
Scrolls
 e - 2 scrolls of enchant armour {unknown}
 g - 2 scrolls of teleportation {unknown}
 h - a scroll of magic mapping {unknown}
 i - 3 scrolls of remove curse {unknown}
Comestibles
 f - 2 bread rations
 m - 4 chunks of flesh
 p - 3 meat rations


   Skills:
 - Level 5.0 Fighting
 - Level 2.0 Axes
 - Level 3.2 Armour
 + Level 4.4 Shields


You had 3 spell levels left.
You didn't know any spells.

Dungeon Overview and Level Annotations

Branches:
Dungeon (2/15)

Altars:


Innate Abilities, Weirdness & Mutations

You cannot be hasted, slowed, berserked, paralysed or teleported.
You can dig through walls and to a lower floor.
Your four strong arms can wield two-handed weapons with a shield.
You have a pair of large antennae on your head. (SInv)
Your magical capacity is low. (-10% MP)
You heal very quickly.


Message History

The giant cockroach waves its antennae.
You block the gnoll's attack.
It was a potion of curing.
You feel better. You block the gnoll's attack. You block the gnoll's attack.
You slash the gnoll!
The gnoll is severely wounded.
The gnoll hits you with a spear.
* * * LOW HITPOINT WARNING * * *
You slash the gnoll!
You kill the gnoll!
You closely miss the gnoll. You block the gnoll's attack.
You slash the gnoll!
The gnoll is heavily wounded.
The gnoll hits you.
* * * LOW HITPOINT WARNING * * *
You block the gnoll's attack.
It was a potion of mutation.
You feel extremely strange.
You feel less energetic.
You begin to heal more quickly. x2
The gnoll hits you.
You die...

....# #...
#... #..#
#..# #..##
#...# #.#.##
#@#.s# .#
#g##.# .#
#############
#s##.##.#
............#
#.##..#.#
.......<....#
#.......#
............#
#####..(#
.......†....#
#.......#
............#
#.###...#
....)...[...#
#.#.#...#


You could see a gnoll and a giant cockroach.

Vanquished Creatures
  3 gnolls (D:2)
  An ooze (D:1)
  2 dart slugs
  2 leopard geckos (D:1)
  6 bats
  3 giant cockroaches
  4 goblins (D:1)
  5 hobgoblins
  4 jackals (D:1)
  4 kobolds
  3 frilled lizards
  5 rats
42 creatures vanquished.

Notes
Turn   | Place    | Note
-------+----------+-------------------------------------------
     0 | D:1      | grindst0ne the Formicid Fighter began the quest for the Orb.
     0 | D:1      | Reached XP level 1. HP: 18/18 MP: 1/1
   121 | D:1      | Reached XP level 2. HP: 23/25 MP: 2/2
   177 | D:1      | Reached skill level 4 in Fighting
   442 | D:1      | Reached XP level 3. HP: 21/31 MP: 3/3
  1305 | D:2      | Reached skill level 5 in Fighting
  1327 | D:2      | Reached XP level 4. HP: 37/39 MP: 4/4
  1407 | D:2      | Gained mutation: Your magical capacity is low. (-10% MP) [potion of mutation]
  1407 | D:2      | Gained mutation: Your natural rate of healing is unusually fast. [potion of mutation]
  1407 | D:2      | Gained mutation: You heal very quickly. [potion of mutation]
  1407 | D:2      | Slain by a gnoll

Skill      XL: |  1  2  3  4 |
---------------+-------------+-----
Fighting       | 4 5 |  5.0
Shields        | 4 |  4.4
Axes           | |  2.0
Armour         | |  3.2

Action                   |  1- 3 |  4- 6 || total
-------------------------+-------+-------++-------
Melee: War axe           |    77 |    22 ||    99
  Use: Potion            |       |     3 ||     3
  Eat: Chunk             |     1 |     1 ||     2
Armor: Scale mail        |    52 |     4 ||    56
Dodge: Dodged            |    40 |     7 ||    47
Block: Shield            |    54 |    17 ||    71
